 Dungeon Crawl Stone Soup version 0.15.2 (webtiles) character file.

68 nohabloinglescabron the Insei (level 4, -2/35 HPs)
             Began as a Mummy Monk on Apr 22, 2015.
             Slain by a gnoll
             ... wielding a cursed -3 spear
              (7 damage)
             ... on Level 2 of the Dungeon.
             The game lasted 00:11:53 (3800 turns).

nohabloinglescabron the Insei (Mummy Monk)          Turns: 3800, Time: 00:11:53

HP  -2/35        AC  0     Str 14      XL: 4   Next:  1%
MP   4/4         EV 13     Int  9      God:
Gold 139         SH  0     Dex 15      Spells:  0 memorised,  3 levels left

rFire  . . .     SeeInvis .       - Unarmed
rCold  + . .     Clarity  .     (no armour)
rNeg   + + +     rCorr    .     (no shield)
rPois  +         rRot     +     (no helmet)
rElec  .         Spirit   .     (no cloak)
SustAb .         Warding  .     (no gloves)
rMut   .         Stasis   .     (no boots)
Gourm  .                        (no amulet)
MR     .....                    i - cursed ring of loudness
                                f - ring of protection from fire

@: not resistant to hostile enchantments, very unstealthy
A: no food or potions, fire vulnerability, restore body, cold resistance 1,
negative energy resistance 3, poison resistance, torment resistance, unbreathing
a: no special abilities


You were on level 2 of the Dungeon.
You were not hungry.

You visited 1 branch of the dungeon, and saw 3 of its levels.

You collected 139 gold pieces.


Innate Abilities, Weirdness & Mutations

You do not eat or drink.
Your flesh is vulnerable to fire.
Your flesh is cold resistant.
You are immune to negative energy.
Your system is resistant to poisons.
You are immune to unholy pain and torment.
You can survive without breathing.


   Skills:
 - Level 3.3 Fighting
 - Level 2.7 Dodging
 - Level 2.0 Stealth
 + Level 4.0 Unarmed Combat


You had 3 spell levels left.
You didn't know any spells.

Inventory:

Comestibles
 g - a bread ration (quivered)
Scrolls
 a - a scroll of immolation {unknown}
 c - 2 scrolls of remove curse {unknown}
 d - a scroll of fog {unknown}
 e - 2 scrolls of amnesia
 h - a scroll of teleportation
Jewellery
 f - a ring of protection from fire (left hand)
 i - a cursed ring of loudness (right hand)

Dungeon Overview and Level Annotations

Branches:
Dungeon (3/15)

Altars:

###### ##### #....#### ....#
#.......#
###.###########.......###########
#..........g.o..............)..
#............g@..##############
#..(##########'########
#..(<#....####.# #....#
#....g.......#.# #....# ####
#....((......#.###....######...
#.>.....<....'...'....'........
#..###.......#.###....######.##
#....#(......#.# #....# #.#
###.##.#.........# ###### #.#


You could see 2 gnolls and an orc.


Message History

The orc priest mumbles some strange prayers to Beogh against you.
Something smites you!
* * * LOW HITPOINT WARNING * * *
Read which item? (? for menu, Esc to quit)
Okay, then.
There is a stone staircase leading up here.
The orc hits you but does no damage.
You climb upwards.
There is a stone staircase leading down here.
The orc hits you with a mace.
* * * LOW HITPOINT WARNING * * *
Here: an orc, wielding a mace and wearing a leather armour The floor.
Unknown command.
There is an open door here.
Things that are here:
a stone; a club The gnoll shouts!
The orc barely misses you.
You see here 19 sling bullets.
There is a stone staircase leading up here.
You see here 5 stones.
You see here a stone.
The gnoll shouts!
The gnoll barely misses you.
The gnoll hits you with a glowing spear!
* * * LOW HITPOINT WARNING * * *
The gnoll barely misses you.
The gnoll hits you with a glowing spear!
You die...

Action                   |  1- 3 |  4- 6 || total
-------------------------+-------+-------++-------
Melee: Unarmed           |   237 |       ||   237
  Use: Scroll            |     5 |       ||     5
 Stab: Sleeping          |     4 |       ||     4

Vault maps used:
D:1:      onia_arrival_handbag
D:2:      roderic_roman_lattice
D:3:      uniq_grinder, uniq_jessica

Notes
Turn   | Place    | Note
--------------------------------------------------------------
     0 | D:1      | nohabloinglescabron, the Mummy Monk, began the quest for the Orb.
     0 | D:1      | Reached XP level 1. HP: 18/18 MP: 1/1
   120 | D:1      | Reached XP level 2. HP: 21/24 MP: 2/2
   224 | D:1      | nohabloinglescabron: !
   879 | D:2      | Artagel: purity of 0 ac crawlan
  1741 | D:2      | Reached XP level 3. HP: 27/29 MP: 3/3
  1956 | D:2      | Reached skill level 2 in Stealth
  2051 | D:2      | Shiggs: So why the MuMo runs?
  2172 | D:2      | Artagel: It is simply the best form of crawl
  2544 | D:1      | Shiggs: Literally scraping yourself across the floor with suffering
  2618 | D:2      | nohabloinglescabron: I like it
  2618 | D:2      | Artagel: Only through adversity does one achieve true greatness
  2618 | D:2      | Shiggs: 15 rune when
  2618 | D:2      | nohabloinglescabron: it has a great power progression and leads to pretty interesting things
  2826 | D:3      | Shiggs: Are there any rules you stick too?
  3040 | D:3      | nohabloinglescabron: a whole bunch of them
  3040 | D:3      | nohabloinglescabron: really too convoluted to name
  3144 | D:3      | Noticed a phantom
  3257 | D:3      | Shiggs: Wait are you the guy who was doing this yesterday? Got sphinxed I think.
  3300 | D:3      | Reached skill level 4 in Unarmed Combat
  3443 | D:2      | nohabloinglescabron: sure am
  3626 | D:2      | Reached XP level 4. HP: 25/35 MP: 4/4
  3734 | D:3      | Shiggs: Still surprised how long you lasted running from those sphinx.
  3800 | D:2      | Slain by a gnoll

Vanquished Creatures
  A worm (D:2)
  2 giant geckos
  3 oozes (D:1)
  An orc (D:3)
  2 ball pythons
  6 giant cockroaches
  4 hobgoblins
  3 jackals (D:2)
  3 quokkas
  5 bats
  4 giant newts
  6 goblins
  7 kobolds
  6 rats
53 creatures vanquished.
